 Dungeon Crawl Stone Soup version 0.30.1-9-gdf580d7c3d (webtiles) character file.

Game seed: 4204283327471227549

126 pkoi the Insei (level 4, 0/38 HPs)
             Began as a Draconian Monk on Oct 11, 2023.
             Slain by an ogre
             ... wielding a +0 giant club
              (11 damage)
             ... on level 4 of the Dungeon.
             The game lasted 00:02:18 (2083 turns).

pkoi the Insei (Draconian Monk)                     Turns: 2083, Time: 00:02:19

Health: 0/38       AC:  5    Str: 13    XL:     4   Next: 84%
Magic:  6/6        EV: 12    Int: 18    God:
Gold:   231        SH:  0    Dex: 14    Spells: 5/6 levels left

rFire   . . .        i - +2 short sword (venom)
rCold   . . .        b - orb {light}
rNeg    . . .        (body armour unavailable)
rPois   .            (helmet restricted)
rElec   .            (no cloak)
rCorr   .            (no gloves)
SInv    .            (no boots)
Will    .....        (no amulet)
Stlth   +            c - +6 ring of intelligence
HPRegen 0.26/turn    e - ring of wizardry
MPRegen 0.10/turn

%: wizardry (x1)
@: glowing
A: AC +5, unfitting armour, cold-blooded
a: no special abilities


You were on level 4 of the Dungeon.
You visited 1 branch of the dungeon, and saw 4 of its levels.

You collected 231 gold pieces.

Inventory:

Hand Weapons
 i - a +2 short sword of venom (weapon)
Armour
 b - an orb of light (worn)
Jewellery
 c - a +6 ring of intelligence (left hand)
 e - a ring of wizardry (right hand)
Wands
 d - a wand of charming (3)
Scrolls
 m - a scroll of identify
 n - 3 scrolls of magic mapping {unknown}
 o - 2 scrolls of enchant armour
Potions
 a - 2 potions of ambrosia
 g - 4 potions of curing {unknown}
 j - a potion of haste
 l - a potion of berserk rage {unknown}
 q - a potion of lignification {unknown}


   Skills:
 - Level 3.2 Fighting
 - Level 2.6 Dodging
 + Level 4.8 Unarmed Combat
 + Level 1.5 Spellcasting
 + Level 1.5 Hexes


You had 5 spell levels left.
You knew the following spells:

 Your Spells              Type           Power      Damage    Failure   Level
a - Slow                  Hex            24%        N/A       4%          1

Your spell library contained the following spells:

 Spells                   Type           Power      Damage    Failure   Level
 Confusing Touch          Hex            6%         N/A       12%         3
 Vampiric Draining        Necr           1%         2d6       22%         3


Dungeon Overview and Level Annotations

Branches:
Dungeon (4/15)
 Temple: D:4-7

Altars:

Shops:
D:2 [

Annotations:
D:1 2 runed translucent doors
D:2 2 transporters, Robin


Innate Abilities, Weirdness & Mutations

Your plain brown scales are hard. (AC +5)
You cannot fit into any form of body armour.
You are cold-blooded and may be slowed by cold attacks.


Message History

Done exploring.
(D) Dungeon
Where to? (Enter - D:3, ? - help)
You climb downwards.
Found an emerald potion and a stone.
There is a stone staircase leading up here.
As you read the scroll labelled JIUXOEMAIZ, it crumbles to dust.
The scroll dissolves into smoke.
It was a scroll of fog.
As you read the scroll labelled QESHIGYSKA, it crumbles to dust.
It is a scroll of brand weapon.
Really abort (and waste the scroll)?
Okay, then.
As you read the scroll labelled YDAXUYGRYGE, it crumbles to dust.
Your body is wracked with pain!
It was a scroll of torment.
As you read the scroll labelled LER KYAXIDI, it crumbles to dust.
You hear a loud clanging noise!
It was a scroll of noise.
You hear a shout! x2
A kobold comes into view. It is wielding a +0 club.
You climb upwards.
There is a stone staircase leading down here.
You start resting.
HP restored.
You climb downwards.
The ogre misses you. The kobold barely misses you.
There is a stone staircase leading up here.
You hit the ogre.
The ogre is poisoned.
You tail-slap the ogre.
The ogre is moderately wounded.
The kobold hits you but does no damage. The ogre hits you with a +0 giant club!
You hit the ogre.
The ogre looks as sick as possible!
The ogre is heavily wounded.
The kobold misses you.
You hit the ogre.
The ogre looks as sick as possible!
The ogre is heavily wounded.
The ogre hits you with a +0 giant club!
* * * LOW HITPOINT WARNING * * *
The kobold completely misses you.
You are too injured to fight recklessly!
Unknown command.
The ogre attacks as you move away! The ogre hits you with a +0 giant club!
You die...

........(.##
...........#
...........##
...........!#
#...........##
#............#
#...........#
#.....OK....##
##.....@.....#
#...........#
##..........#
##.........#
###########


You could see an ogre (extremely poisoned) and a kobold.

Vanquished Creatures
  A hound (D:3)
  An adder (D:2)
  A worm (D:3)
  2 dart slugs
  7 orcs
  6 endoplasms
  2 giant cockroaches (D:1)
  7 goblins
  11 hobgoblins
  2 kobolds (D:1)
  2 quokkas
  7 ball pythons
  7 bats
  A frilled lizard (D:2)
  12 rats
69 creatures vanquished.

Notes
Turn   | Place    | Note
-------+----------+-------------------------------------------
     0 | D:1      | pkoi the Draconian Monk began the quest for the Orb.
     0 | D:1      | Reached XP level 1. HP: 19/19 MP: 1/1
    51 | D:1      | Found a large runed translucent door.
    51 | D:1      | Found a large runed translucent door.
   121 | D:1      | Reached XP level 2. HP: 23/26 MP: 2/2
   285 | D:1      | Reached skill level 4 in Unarmed Combat
   357 | D:1      | Reached XP level 3. HP: 29/31 MP: 3/3
   367 | D:1      | Learned a level 1 spell: Slow
   874 | D:2      | Found a transporter.
   874 | D:2      | Found Toh Yroa's Armour Shop.
   959 | D:2      | Found a transporter.
   960 | D:2      | Noticed Robin
  1171 | D:2      | Reached XP level 4. HP: 38/38 MP: 5/5
  1473 | D:3      | Reached skill level 1 in Spellcasting
  1482 | D:3      | Reached skill level 1 in Hexes
  2078 | D:4      | Noticed an ogre
  2083 | D:4      | Slain by an ogre

Illustrated notes

Levels and vault maps discovered:
D:1:      erik_arrival_cave_to_civilisation [erik_arrival_cave_to_temple],
          layout_rooms, minmay_misc_feat_secret_circle
D:2:      layout_loops_ring, serial_shops, nicolae_shop_drivethru, uniq_robin
D:3:      layout_rooms
D:4:      layout_cave_pods, minmay_fire_ice_demons, uniq_sigmund

Skill      XL: |  1  2  3  4 |
---------------+-------------+-----
Unarmed Combat | 4 |  4.8
Spellcasting   | 1 |  1.5
Hexes          | 1 |  1.5
Fighting       | |  3.2
Dodging        | |  2.6

Action                     |  1- 3 |  4- 6 || total
---------------------------+-------+-------++-------
  Melee: Unarmed           |    58 |       ||    58
         Tailslap          |    19 |    10 ||    29
         Short sword       |    46 |    45 ||    91
    Use: Scroll            |     3 |     5 ||     8
 Armour: Skin              |    30 |    18 ||    48
  Dodge: Dodged            |    54 |    37 ||    91
